[Event "4NCL 2023-2024"]
[Site "Daventry"]
[Date "2024.05.06"]
[Round "11.33"]
[White "Claridge-Hansen, William"]
[Black "Royal, Shreyas"]
[Result "1/2-1/2"]
[ECO "D27"]
[WhiteElo "2360"]
[BlackElo "2464"]
[Annotator "TA"]
[PlyCount "63"]
[EventDate "2023.11.11"]
[EventType "team-tourn"]
[EventCountry "ENG"]
[SourceTitle "playchess.com"]
[Source "ChessBase"]
[SourceQuality "1"]
[TimeControl "40/6000+30:3000+30"]

1. Nf3 d5 2. e3 Nf6 3. c4 e6 4. Nc3 dxc4 5. Bxc4 c5 6. O-O Nc6 7. Qe2 a6 8. a4 Bd6 9. Rd1 O-O 10. d4 Qc7 11. h3 h6 12. dxc5 Bxc5 13. e4 Nd7 14. Be3 b6 15. Rac1 Bb7 16. g4 (16. Nb1 $11) 16... Nde5 $15 17. Nxe5 Qxe5 18. Bxc5 bxc5 19. Qe3 g5 20. Ne2 Rad8 21. Rxd8 Rxd8 22. f3 ({White should play} 22. b3 $15) 22... Qxb2 $19 {[%emt 0:02:49] [#] Threatens to win with ...Rd2.} 23. h4 Qe5 (23... gxh4 24. Qxh6 Qd2 25. Qf6 $15) (23... Ne5 $19 24. hxg5 Rd2) 24. hxg5 hxg5 (24... Qxg5 {simplifies} 25. Qxg5+ hxg5 26. Rc3 Ne5) 25. Bxe6 Qxe6 26. Qxg5+ Qg6 27. Qxc5 (27. Qxg6+ fxg6 28. Rxc5) 27... Qf6 (27... Rd2 $142 28. Re1 Qh6) 28. Qb6 $2 (28. Qf5 Qh6 29. Qf4 Qxf4 30. Nxf4) 28... Qxf3 29. Qxb7 Qxe2 30. Qxc6 Rd3 $2 (30... Qxg4+ {mates} 31. Kf1 Qf3+ 32. Ke1 Rd3 33. Qc5 Qxe4+ (33... Re3+ $2 34. Qxe3 Qxe3+ 35. Kd1 $19) 34. Kf1 Rf3+ (34... Qxa4 $2 {too greedy.} 35. Qg5+ Kh7 36. Qf5+ Kg7 37. Ke2 $18) 35. Qf2 Rxf2+ 36. Kxf2 Qf4+ (36... Qxa4 $2 37. Rg1+ Kf8 38. Rg3 $19) 37. Ke2 Qxc1 38. Kd3 f5 39. Kd4 f4 40. Ke4 Qe3+ 41. Kd5 f3 42. Kd6 f2 43. Kc7 f1=Q (43... f1=B {leads to mate.} 44. Kc6 Bg2+ 45. Kd6 Kf8 46. Kc7 Qc5+ 47. Kd8 Qb6+ 48. Kd7 Bh3#) 44. Kd7 Qf5+ 45. Kd8 Qb6+ 46. Ke8 Qf7#) 31. Qe8+ $11 Kg7 {[%emt 0:00:16] [#] ( -> ...Rg3+)} 32. Qe5+ {[%emt 0:00:40] Weighted Error Value: White=0.81/Black=0.50.  Mistake:       	White=5     	Black=2      Inaccurate:     	White=2     	Black=2      OK:         	White=3     	Black=4      Best:        	White=2     	Black=2} 1/2-1/2

[Event "4NCL 2023-2024"]
[Site "Daventry"]
[Date "2024.05.06"]
[Round "11.34"]
[White "Bazakutsa, Svyatoslav"]
[Black "Macfarlane, Donald"]
[Result "1-0"]
[ECO "E90"]
[WhiteElo "2473"]
[BlackElo "2184"]
[Annotator "TA"]
[PlyCount "69"]
[EventDate "2023.11.11"]
[EventType "team-tourn"]
[EventCountry "ENG"]
[SourceTitle "playchess.com"]
[Source "ChessBase"]
[SourceQuality "1"]
[TimeControl "40/6000+30:3000+30"]

1. c4 Nf6 2. Nf3 g6 3. Nc3 Bg7 4. e4 d6 5. d4 O-O 6. h3 a6 7. Be3 Nbd7 8. Be2 c5 9. O-O {[%emt 0:09:00] White is slightly better.} cxd4 10. Nxd4 Nc5 11. Qc2 Bd7 12. Rac1 Rc8 13. Qb1 (13. Rfd1 $16) 13... Na4 14. Nxa4 Bxa4 15. b3 Bd7 16. Rfd1 Qa5 17. a4 Rfd8 18. Bf3 Be8 19. Ne2 Nd7 20. Bd2 Qe5 21. Nf4 Qb2 (21... e6 $11) 22. Nd5 Qxb1 23. Rxb1 Kf8 24. Ba5 $36 {[%emt 0:00:20][%mdl 2048] Black is under strong pressure. White is more active.} Ne5 25. Be2 e6 26. Bxd8 Rxd8 27. Ne3 Ke7 28. a5 Rb8 29. b4 b6 (29... Nc6 $16 30. Kf1 h5) 30. axb6 $18 Rxb6 31. c5 dxc5 32. bxc5 Rc6 (32... Rxb1 {might work better.} 33. Rxb1 Bc6 34. Bxa6 Kd7) 33. Rb7+ Nd7 34. Nc4 {[%emt 0:00:14] [#] Inhibits Be5. aiming for Nb6.} Rxc5 $2 (34... Kf8 35. Rbxd7 (35. Rdxd7 Bxd7 36. Rxd7 Rxc5 $18) 35... Bxd7 36. Rxd7 Rxc5) 35. Nd6 {[%emt 0:01:56] Weighted Error Value: White=0.07 (flawless) /Black=0.35.  Mistake:       	White=1     	Black=5      Inaccurate:     	---       	Black=1      OK:         	White=16    	Black=7      Best:        	---       	Black=1} 1-0

[Event "4NCL 2023-2024"]
[Site "Daventry"]
[Date "2024.05.06"]
[Round "11.35"]
[White "Hobson, Kenneth"]
[Black "Durak, Can"]
[Result "0-1"]
[ECO "B51"]
[WhiteElo "2190"]
[BlackElo "2436"]
[Annotator "TA"]
[PlyCount "94"]
[EventDate "2023.11.11"]
[EventType "team-tourn"]
[EventCountry "ENG"]
[SourceTitle "playchess.com"]
[Source "ChessBase"]
[SourceQuality "1"]
[TimeControl "40/6000+30:3000+30"]

1. e4 c5 2. Nf3 d6 3. Bb5+ Nd7 4. a4 Ngf6 5. Nc3 g6 6. a5 Bg7 7. a6 O-O 8. O-O {[%emt 0:01:17] The position is equal.} bxa6 9. Bxa6 Bxa6 10. Rxa6 Nb8 11. Ra3 Nc6 12. d4 cxd4 13. Nxd4 Nxd4 14. Qxd4 Nd7 15. Qe3 Qb8 16. Nd5 e6 17. Ne7+ Kh8 {[%emt 0:00:10][%cal Ob8c7] Hoping for ...Qc7!} 18. Nc6 Qb7 19. Na5 Qc7 20. c3 Nb6 21. Qg3 f5 22. Rd1 (22. exf5 $14 {keeps the upper hand.} gxf5 23. f4) 22... fxe4 $17 23. Qg4 (23. Rxd6 $2 Rad8 24. Rd2 (24. Rxe6 $2 Rd1#) 24... Be5 $19) (23. Qxd6 $2 Rfd8 $19) 23... Qf7 24. Be3 d5 25. Qe2 Qc7 26. c4 Rad8 {[%emt 0:04:05] Black is more active.} ({Of course not} 26... Nxc4 $6 27. Rc1 $11) 27. c5 Nc8 28. b4 Ne7 29. b5 (29. Nb3 $15) 29... d4 $19 30. Bg5 (30. Bc1) 30... Qxc5 31. Bxe7 Qxe7 32. Ra2 Rd7 $2 (32... e3 $19 33. Qd3 Qc5) 33. Qxe4 $17 e5 34. Rc1 $2 (34. f3 $17 {was necessary.}) 34... Qg5 $2 (34... Qf7 $19 {is more deadly.} 35. Rb2 d3) 35. Rb1 {[%emt 0:00:00] [#]} ({White should try} 35. Rd1) 35... h5 $1 36. h4 Qf5 37. f3 (37. Qxf5 $142 gxf5 (37... Rxf5 $2 38. Nc6 $19) 38. Nc6) 37... Qxe4 $19 38. fxe4 Rb8 $2 (38... Rf4 $19 39. Nc6 Rxe4 (39... Rxh4 40. Nxa7 d3 41. b6 $19) 40. Rxa7 Rxa7 41. Nxa7 Bf8 (41... Rxh4 $2 {perishes.} 42. b6 $18)) 39. Nc6 $15 Rbb7 40. Ra6 Kh7 41. g3 d3 {[%emt 0:04:19] ...d2 is the strong threat.} 42. Na5 Rbc7 {[%emt 0:18:22] [#] And now ...d2 would win.} 43. Rc6 d2 44. Rd1 Bh6 $36 {[%emt 0:00:40][%mdl 2048] Black is in control.} 45. Nc4 (45. Kf1 $17 {was called for.}) 45... Rb7 $19 46. Nxe5 Re7 47. Rc5 (47. Nf3) 47... Be3+ {[%emt 0:00:05] Weighted Error Value: White=0.50/Black=0.28 (precise) .  Loses game:     	White=1     	---        Missed win:     	---       	Black=3      Mistake:       	White=7     	---        Inaccurate:     	White=4     	Black=4      OK:         	White=10    	Black=18     Best:        	White=3     	Black=6} 0-1

[Event "4NCL 2023-2024"]
[Site "Daventry"]
[Date "2024.05.06"]
[Round "11.36"]
[White "Willow, Jonah B"]
[Black "Khoury, Theo"]
[Result "1/2-1/2"]
[ECO "B23"]
[WhiteElo "2417"]
[BlackElo "2071"]
[Annotator "TA"]
[PlyCount "82"]
[EventDate "2023.11.11"]
[EventType "team-tourn"]
[EventCountry "ENG"]
[SourceTitle "playchess.com"]
[Source "ChessBase"]
[SourceQuality "1"]
[TimeControl "40/6000+30:3000+30"]

1. e4 c5 2. Nc3 a6 3. d4 cxd4 4. Qxd4 Nc6 5. Qe3 g6 6. Bd2 Bh6 7. f4 e5 8. Nd5 {[%emt 0:07:59] White is better.} d6 {[%emt 0:08:03] [#]} 9. O-O-O $1 Be6 10. Kb1 b5 (10... Nf6 $14) 11. Qf2 (11. Qa3 $18) 11... Bg7 12. Nf3 Nge7 13. Bc3 Qb8 ({Better is} 13... O-O) 14. Nxe7 $16 Kxe7 15. fxe5 Nxe5 16. Nxe5 (16. Be2 $18) 16... Bxe5 17. Bxe5 dxe5 18. Be2 f6 {[%emt 0:05:10] [#]} (18... Qc7 $16) 19. Rhf1 $1 $18 Rf8 20. Qc5+ Kf7 21. Rd6 Rd8 22. Rb6 (22. Rxd8 Qxd8 23. Qxe5 Qe7 $16) 22... Qa7 23. Qc6 $1 Qe7 24. Rb7 $1 ({But not} 24. Rxa6 Rxa6 25. Qxa6 b4 $14) 24... Bd7 25. Qd5+ (25. Qb6 $18 {And now Rd1 would win.} Qe6 26. Qxe6+ Kxe6 27. Bg4+ Ke7 28. b3 (28. Rd1 f5 $18)) 25... Kf8 $16 26. Qd2 {[%emt 0:02:05] White is much more active.} ({White should try} 26. b3 $16) 26... Rab8 $1 $11 27. Ra7 Ra8 $1 28. Rb7 {[%emt 0:00:30] Rd1 is the strong threat.} (28. Rxa8 {simplifies} Rxa8 29. h4 Bc6 30. h5) 28... Rab8 $1 29. Rxb8 (29. Qh6+ {keeps more tension.} Kg8 30. Ra7 Ra8 31. Qe3) 29... Rxb8 30. Rd1 Bc6 31. Bf3 Rb7 32. Qa5 $36 {[%emt 0:01:18][%mdl 2048] White is pushing.} Rd7 (32... Qc7 $1 $11 {keeps the balance.} 33. Qxa6 Ra7 34. Rd8+ Qxd8 35. Qxa7 Bxe4) 33. Rxd7 $16 ({Don't play} 33. Qxa6 Rxd1+ 34. Bxd1 Bxe4 $11) 33... Qxd7 34. Qxa6 Bxe4 35. Qxf6+ {[%emt 0:00:15][%mdl 4096] Endgame. KQB-KQB} Kg8 36. a3 (36. Bxe4 $2 Qd1#) 36... Bxf3 37. Qxf3 Qd4 38. Qb3+ Kg7 39. Qxb5 (39. h4 $16) 39... e4 $11 {[%emt 0:00:11] The position is equal.} 40. Qe2 {[%emt 0:00:49] Strongly threatening c3.} Qg1+ $1 41. Ka2 e3 {[%emt 0:00:04] Weighted Error Value: White=0.22 (precise) /Black=0.21 (precise) .  Mistake:       	White=5     	Black=5      Inaccurate:     	White=2     	Black=1      OK:         	White=10    	Black=7      Best:        	White=3     	Black=6      Strong:       	White=4     	Black=4} 1/2-1/2

[Event "4NCL 2023-2024"]
[Site "Daventry"]
[Date "2024.05.06"]
[Round "11.37"]
[White "Pozimski, Szymon"]
[Black "Yao, Lan"]
[Result "1/2-1/2"]
[ECO "E05"]
[WhiteElo "2018"]
[BlackElo "2382"]
[Annotator "TA"]
[PlyCount "101"]
[EventDate "2023.11.11"]
[EventType "team-tourn"]
[EventCountry "ENG"]
[SourceTitle "playchess.com"]
[Source "ChessBase"]
[SourceQuality "1"]
[TimeControl "40/6000+30:3000+30"]

1. Nf3 d5 2. d4 Nf6 3. g3 e6 4. c4 Be7 5. Bg2 O-O 6. O-O dxc4 7. Qa4 a6 8. Qxc4 b5 9. Qc2 Bb7 10. Bg5 Nbd7 11. Bxf6 Nxf6 12. Nbd2 Rc8 13. Nb3 Be4 14. Qc3 Nd7 15. Rfd1 Qe8 16. Ne5 Bxg2 {[%emt 0:04:43] White is slightly better.} 17. Nxd7 $1 Qxd7 18. Kxg2 Rfd8 19. Qf3 Qe8 20. Rac1 Rd6 21. Rd3 Bf6 22. Qe4 e5 23. dxe5 ({White should try} 23. Re3 $16 Re6 24. d5) 23... Bxe5 24. Rxd6 Bxd6 (24... cxd6 $11 {deserves consideration.} 25. Rd1 g6) 25. Qxe8+ $14 Rxe8 $16 {[%emt 0:00:01][%mdl 4096] Endgame. KRB-KRN} 26. Kf3 Kf8 27. Rc6 Ra8 28. Nc5 a5 29. Ne4 Be5 30. Rc5 Bxb2 31. Rxb5 Bd4 32. e3 Bb6 {[%emt 0:00:00] [#]} 33. Nd6 Bxe3 $11 34. Nc4 Bd4 35. Rxa5 Rd8 36. h4 Ke7 37. a4 Ke6 38. Ne3 c6 39. Ra6 Kd7 40. Nf5 Bc5 41. Ra5 (41. Nxg7 $2 {perishes.} Kc7 42. Nh5 Kb7 $19 (42... Rd2 43. Ra5 $11)) 41... Bf8 42. Ke4 Re8+ 43. Kd3 c5 {[%emt 0:00:36] [#]} (43... Rc8 $11) 44. Ra7+ $1 $16 Ke6 45. Ne3 {[%emt 0:00:21] White has more active pieces.} Rd8+ 46. Kc3 Be7 47. Ra6+ Ke5 48. Ra7 Ke6 49. Ra6+ Ke5 $1 50. Ra7 Ke6 51. Ra6+ {[%emt 0:00:41] Weighted Error Value: White=0.16 (very precise) /Black=0.13 (very precise) .  Mistake:       	White=3     	Black=2      Inaccurate:     	---       	Black=2      OK:         	White=18    	Black=10     Best:        	White=2     	Black=2      Strong:       	White=2     	Black=1} (51. a5 $16) 1/2-1/2

[Event "4NCL 2023-2024"]
[Site "Daventry"]
[Date "2024.05.06"]
[Round "11.38"]
[White "Czopor, Maciej"]
[Black "Manley, Jon P"]
[Result "1/2-1/2"]
[ECO "C44"]
[WhiteElo "2363"]
[BlackElo "2165"]
[Annotator "TA"]
[PlyCount "57"]
[EventDate "2023.11.11"]
[EventType "team-tourn"]
[EventCountry "ENG"]
[SourceTitle "playchess.com"]
[Source "ChessBase"]
[SourceQuality "1"]
[TimeControl "40/6000+30:3000+30"]

1. e4 e5 2. Nf3 Nc6 3. c3 d5 4. Qa4 Bd7 5. exd5 Nd4 $1 6. Qd1 Nxf3+ 7. Qxf3 f5 8. d4 {[%emt 0:17:23] White is slightly better.} e4 (8... exd4 $1 $11 9. cxd4 Bd6) 9. Qe2 (9. Qg3 $16) 9... Nf6 $14 10. Nd2 Bd6 11. Nc4 O-O 12. Nxd6 cxd6 13. Bf4 Qb6 14. c4 Rac8 15. Rd1 $2 {[%emt 0:02:31] [#]} (15. g3 $11 {and White stays safe.}) 15... e3 $1 $19 16. Bxe3 {[%emt 0:13:09] [#]} (16. Qxe3 Rfe8 (16... Qxb2 17. Qd2 $15) 17. Be5 dxe5 18. dxe5 Rxe5 (18... Qxb2 $2 19. f4 $19) (18... Qxe3+ $2 19. fxe3 Rxe5 20. Rd4 $19) 19. Qxe5 Re8 $19) (16. fxe3 Ne4) 16... Rfe8 (16... f4 $1 $19 17. c5 (17. Bxf4 $2 Rce8 $19) 17... dxc5 18. dxc5 (18. Bxf4 $2 cxd4 19. f3 Rfe8 $19) 18... Qa5+ 19. Bd2 (19. Qd2 $2 Qxd2+ 20. Rxd2 fxe3 $19) 19... Qxc5) 17. g3 $17 {[%emt 0:00:56] [#]} f4 18. gxf4 $15 Ne4 {[%emt 0:06:50] Hoping for ...Qa5+.} 19. Bg2 $1 Qa5+ 20. Kf1 Rxc4 $1 (20... Qxa2 21. Rc1 $11) 21. Kg1 (21. Qxc4 $2 Bb5 22. b3 Nc3 $19 (22... Bxc4+ 23. bxc4 Nc3 24. Ra1 $17)) (21. a3 $15) 21... Qc7 (21... Qxd5 $6 22. h3 $11) ({Better is} 21... Qxa2 $17 {White must now prevent ...Nc3.} 22. Bxe4 Rxe4) 22. h3 Rc2 23. Qf3 (23. Qd3 $1 $11 Bf5 24. Qb3) 23... Bf5 $17 24. Kh2 Qf7 ({Black should play} 24... Rxb2 $17 25. a4 Qf7) 25. Rc1 Rxb2 26. Rc4 (26. a4 $17) 26... h6 {[%emt 0:04:26][%cal Oe4f2][%mdl 1024] Black has strong compensation.} (26... Rxa2 27. Rcc1 $19) 27. Rhc1 Kh7 ({And not} 27... Qxd5 28. Rc7 Qe6 (28... Rxa2 $2 29. Qg3 $18) (28... Qxa2 29. Qh5 $16) 29. d5 $11) (27... Rxa2 $19 {[%cal Ob7b5] And now ...b5! would win.} 28. Rc7 Re7 (28... Qxd5 $2 29. Qg3 $18) 29. Rxe7 Qxe7) 28. a4 a6 ({Of course not} 28... Qxd5 $6 29. Rc7 Qe6 30. d5 $11) 29. Kg1 {[%emt 0:00:00] Weighted Error Value: White=0.36/Black=0.29 (precise) .  Loses game:     	White=1     	---        Mistake:       	White=5     	Black=6      Inaccurate:     	White=2     	Black=2      OK:         	White=4     	Black=9      Best:        	White=3     	Black=1      Strong:       	White=1     	Black=1      Brilliant:      	---       	Black=1} ({White should try} 29. Rc7 $15 Re7 (29... Qxd5 $2 {too greedy.} 30. Qh5 $18) 30. Rxe7 Qxe7 31. Qh5) 1/2-1/2

[Event "4NCL 2023-2024"]
[Site "Daventry"]
[Date "2024.05.06"]
[Round "11.39"]
[White "Hariharan, Shambavi"]
[Black "Jackson, James P"]
[Result "0-1"]
[ECO "E65"]
[WhiteElo "1887"]
[BlackElo "2355"]
[Annotator "TA"]
[PlyCount "120"]
[EventDate "2023.11.11"]
[EventType "team-tourn"]
[EventCountry "ENG"]
[SourceTitle "playchess.com"]
[Source "ChessBase"]
[SourceQuality "1"]
[TimeControl "40/6000+30:3000+30"]

1. d4 Nf6 2. c4 g6 3. Nf3 Bg7 4. g3 O-O 5. Bg2 d6 6. Nc3 c5 7. O-O Nc6 8. h3 cxd4 9. Nxd4 Nxd4 10. Qxd4 Be6 11. Qd3 (11. Qh4 $11) 11... Qc8 $15 12. Nd5 Nxd5 (12... Bxh3 $2 {is the wrong capture.} 13. Nxe7+ Kh8 14. Nxc8 $18) 13. cxd5 {[%emt 0:00:09] Black is better.} Bxh3 14. Rb1 Qd7 15. b3 Rfc8 16. Bf4 Rc3 17. Qd2 Rac8 18. Rfc1 {[%emt 0:02:45] Repels Rc2} Bxg2 19. Kxg2 Qf5 {[%emt 0:00:09] Black is more active.} 20. Rxc3 Rxc3 21. Rd1 (21. Re1 $17 {keeps fighting.}) 21... h5 $36 {[%emt 0:04:22][%mdl 2048] Black is on the roll.} 22. Qe1 (22. Re1 {was worth a try.}) 22... h4 23. Qf1 $2 (23. Rc1 Rxc1 (23... Qxd5+ $2 24. Kg1 $19) 24. Qxc1) 23... Rc2 24. f3 hxg3 25. Bxg3 Rxa2 26. Kg1 Be5 27. f4 Qg4 28. Qf3 Qxf3 29. exf3 $19 {[%emt 0:00:07][%mdl 4096] Endgame. KRB-KRB} Bc3 30. Rd3 Bf6 31. Bf2 a6 32. Be3 Kf8 33. Kf1 Ke8 34. Ke1 Kd7 35. Kd1 b5 36. Bd2 a5 37. Kc1 a4 38. bxa4 bxa4 {[%emt 0:00:05] [#] ...Bb2+ would now be deadly.} 39. Bb4 Rb2 40. Bd2 (40. Ba3 $142 Rb5 41. Kc2) 40... Rb3 41. Re3 Rxe3 42. Bxe3 {[%emt 0:00:05] KB-KB} Kc7 {[%emt 0:00:25] [#] White must now prevent ...Kb7.} 43. Kb1 Kb7 44. Ka2 Ka6 45. Ka3 Kb5 46. Bd2 Bd4 {[%emt 0:00:07] ( -> ...Bg1)} 47. Bc1 Bc5+ {[%emt 0:00:08] Black mates.} 48. Ka2 Kc4 49. Bd2 Kxd5 50. Ba5 e6 51. Bc3 Kc4 52. Bd2 Kd3 53. Bc1 Ke2 54. Kb2 Be3 55. Bxe3 Kxe3 {[%emt 0:00:03] KP-KP} 56. Ka3 d5 57. Kxa4 d4 58. Kb3 d3 59. Kc3 d2 60. Kc2 Ke2 {[%emt 0:00:03] White did not feel at home in the position after the opening.   Weighted Error Value: White=0.90/Black=0.15 (very precise) .  Mistake:       	White=4     	---        Inaccurate:     	White=4     	---        OK:         	White=5     	Black=15     Best:        	White=1     	Black=1} 0-1

[Event "4NCL 2023-2024"]
[Site "Daventry"]
[Date "2024.05.06"]
[Round "11.41"]
[White "Cherniaev, Alexander"]
[Black "Waldhausen Gordon, Frederick"]
[Result "1/2-1/2"]
[ECO "C88"]
[WhiteElo "2363"]
[BlackElo "2358"]
[Annotator "TA"]
[PlyCount "37"]
[EventDate "2023.11.11"]
[EventType "team-tourn"]
[EventCountry "ENG"]
[SourceTitle "playchess.com"]
[Source "ChessBase"]
[SourceQuality "1"]
[TimeControl "40/6000+30:3000+30"]

1. e4 e5 2. Nf3 Nc6 3. Bb5 a6 4. Ba4 Nf6 5. O-O Be7 6. Re1 b5 7. Bb3 O-O 8. d4 Nxd4 9. Bxf7+ Rxf7 10. Nxe5 Rf8 11. Qxd4 {[%emt 0:00:31] The position is equal.} Bb7 12. Nc3 c5 $1 13. Qd1 b4 14. Nd5 Nxd5 15. exd5 Bd6 16. f4 Qc7 17. c4 bxc3 18. bxc3 c4 19. Be3 {[%emt 0:07:00] Not much happened in this game.   Weighted Error Value: White=0.03 (flawless) /Black=0.00 (flawless) .  OK:         	White=3     	Black=5      Best:        	---       	Black=1      Strong:       	---       	Black=1} 1/2-1/2

[Event "4NCL 2023-2024"]
[Site "Daventry"]
[Date "2024.05.06"]
[Round "11.42"]
[White "Gourlay, Iain"]
[Black "Macak, Stefan"]
[Result "0-1"]
[ECO "E06"]
[WhiteElo "2310"]
[BlackElo "2330"]
[Annotator "RC"]
[PlyCount "132"]
[EventDate "2023.11.11"]
[EventType "team-tourn"]
[EventCountry "ENG"]
[SourceTitle "playchess.com"]
[Source "ChessBase"]
[SourceQuality "1"]
[TimeControl "40/6000+30:3000+30"]

1. c4 e6 2. g3 Nf6 3. Bg2 d5 4. Nf3 Be7 5. d4 O-O 6. Qc2 a5 7. O-O Nc6 8. a3 a4 9. Rd1 Na5 10. Nbd2 Bd7 11. Ne5 Be8 12. Rb1 c6 13. c5 b5 14. cxb6 Qxb6 15. Qxa4 c5 16. Qc2 cxd4 17. b4 Nb7 18. Qb2 Nd6 19. Ndf3 Nfe4 20. Nxd4 f6 21. Nd3 e5 22. Nb3 Nc4 23. Qa1 Ba4 24. Ndc5 Bxb3 25. Bxe4 Bxd1 26. Bxd5+ Kh8 27. Bxc4 Bxc5 28. bxc5 Qxc5 29. Bd3 Ba4 30. Bd2 Rfc8 31. Qa2 Bc6 32. Qe6 Qd5 33. Qxd5 Bxd5 34. Bb4 e4 35. Bb5 Bc4 36. Bxc4 Rxc4 37. Rd1 Rac8 38. Rd7 Kg8 39. Re7 R8c7 40. Rxc7 Rxc7 41. g4 Rc2 42. e3 Kf7 43. Kg2 Kg6 44. Bf8 Rc8 45. Bd6 Kg5 46. Kg3 h5 47. gxh5 Kxh5 48. Bb4 g5 49. a4 f5 50. a5 Rc1 51. h3 Rg1+ 52. Kh2 Rb1 53. Bc5 Ra1 54. Bb6 Ra2 55. Kg3 Ra3 56. Kg2 f4 57. exf4 gxf4 58. Bc7 Kg5 59. Bd8+ Kf5 60. Bb6 Ra1 61. Kh2 Ra4 62. Kg2 Ra3 63. Bc7 Ra2 64. Kg1 e3 65. fxe3 fxe3 66. h4 Ra1+ 0-1

[Event "4NCL 2023-2024"]
[Site "Daventry"]
[Date "2024.05.06"]
[Round "11.43"]
[White "Badacsonyi, Stanley"]
[Black "Berry, Neil"]
[Result "1/2-1/2"]
[ECO "D00"]
[WhiteElo "2156"]
[BlackElo "2260"]
[Annotator "TA"]
[PlyCount "71"]
[EventDate "2023.11.11"]
[EventType "team-tourn"]
[EventCountry "ENG"]
[SourceTitle "playchess.com"]
[Source "ChessBase"]
[SourceQuality "1"]
[TimeControl "40/6000+30:3000+30"]

1. d4 Nf6 2. Bg5 d5 3. e3 c5 4. c3 Nc6 5. Nd2 cxd4 6. exd4 Bf5 7. Ngf3 e6 8. Be2 Be7 9. O-O h6 10. Bf4 O-O 11. Re1 Ne4 12. Nxe4 Bxe4 13. Bd3 Bxd3 14. Qxd3 Rc8 15. Re2 Bf6 16. Rae1 Ne7 17. h3 Nf5 18. Nd2 Bg5 19. Bh2 Be7 20. g4 Nd6 21. Bg3 Re8 22. Kg2 b5 23. f4 Bh4 24. f5 Bxg3 25. Kxg3 {[%emt 0:01:21] The position is equal.} Qd7 26. fxe6 Rxe6 27. Rxe6 fxe6 28. Qg6 Re8 29. Kg2 Qf7 30. Qxf7+ Kxf7 $11 {[%emt 0:00:35][%mdl 4096] Endgame. KRN-KRN} 31. Nf3 Nc4 32. Re2 Ke7 33. Ne1 Nd6 34. Nd3 Ne4 35. Re3 Rf8 36. Rf3 {[%emt 0:02:34] An uneventful encounter.   Weighted Error Value: White=0.04 (flawless) /Black=0.04 (flawless) .  Inaccurate:     	White=1     	---        OK:         	White=8     	Black=12} 1/2-1/2

[Event "4NCL 2023-2024"]
[Site "Daventry"]
[Date "2024.05.06"]
[Round "11.44"]
[White "Shafi, Declan"]
[Black "Rocco, Federico"]
[Result "1-0"]
[ECO "E38"]
[WhiteElo "2226"]
[BlackElo "2163"]
[Annotator "RC"]
[PlyCount "49"]
[EventDate "2023.11.11"]
[EventType "team-tourn"]
[EventCountry "ENG"]
[SourceTitle "playchess.com"]
[Source "ChessBase"]
[SourceQuality "1"]
[TimeControl "40/6000+30:3000+30"]

1. d4 Nf6 2. c4 e6 3. Nc3 Bb4 4. Qc2 d5 5. e3 O-O 6. Nf3 c5 7. a3 Bxc3+ 8. bxc3 Nc6 9. Be2 Qa5 10. O-O dxc4 11. Bxc4 Bd7 12. Rb1 Qc7 13. Be2 Rac8 14. Qb2 b6 15. Rd1 Na5 16. Ne5 Ba4 17. Re1 Ne4 18. Ba6 Rcd8 19. Bd3 cxd4 20. Bxe4 dxc3 21. Qb4 c2 22. Rb2 Qxe5 23. f4 Qc5 24. Qxa4 Qc3 25. Qb4 1-0

[Event "4NCL 2023-2024"]
[Site "Daventry"]
[Date "2024.05.06"]
[Round "11.45"]
[White "Villiers, Thomas"]
[Black "McKay, Roderick M"]
[Result "1/2-1/2"]
[ECO "B07"]
[WhiteElo "2232"]
[BlackElo "2181"]
[Annotator "RC"]
[PlyCount "99"]
[EventDate "2023.11.11"]
[EventType "team-tourn"]
[EventCountry "ENG"]
[SourceTitle "playchess.com"]
[Source "ChessBase"]
[SourceQuality "1"]
[TimeControl "40/6000+30:3000+30"]

1. e4 d6 2. d4 Nf6 3. Nc3 e5 4. dxe5 dxe5 5. Qxd8+ Kxd8 6. Nf3 Bd6 7. Bc4 Be6 8. Bxe6 fxe6 9. Be3 Nbd7 10. O-O-O a6 11. Nd2 b5 12. f3 Ke7 13. Nb3 Rhc8 14. Rd2 Bb4 15. Rhd1 c5 16. a3 Bxc3 17. bxc3 a5 18. Bg5 Rc7 19. Kb1 h6 20. Bh4 g5 21. Bg3 Nh5 22. Nc1 Rb8 23. Nd3 Nxg3 24. hxg3 c4 25. Nb2 b4 26. cxb4 c3 27. Rxd7+ Rxd7 28. Rxd7+ Kxd7 29. Nd3 axb4 30. axb4 Ra8 31. Nxe5+ Ke7 32. Nc6+ Kd6 33. Nd4 Rb8 34. b5 Rb6 35. Ne2 Rxb5+ 36. Kc1 Rc5 37. Kb1 Ke5 38. Ka2 Rc8 39. Kb3 h5 40. Kb4 g4 41. Nxc3 Kd4 42. Ne2+ Ke3 43. Nf4 gxf3 44. gxf3 h4 45. Ng2+ Kxf3 46. Nxh4+ Kxg3 47. Ng6 Rxc2 48. Nf8 Re2 49. Kc5 Rxe4 50. Kd6 1/2-1/2